AoeStats
← Inferno-_-

Oasis

509335487Analyzed
4v4 RM · 5d ago on Sep 26, 2026· 12m 44s· 8 players
Game mode
Random Map
Map size
Large (8 player)
Population
200
Speed
Normal
Resources
Standard
Victory
Conquest
Starting age
Dark Age
Ending age
Imperial Age
RankedLock teamsTeams togetherTeam positionsShared explorationLock speedFull tech treeHidden civsTurbo modeCheats
Victory
Defeat
🇹🇷 Romans · Türkiye
1141
+12
🇹🇷 Vietnamese · Türkiye
1084
+14
🇮🇳 Britons · India
1047
+16
🇮🇳 Byzantines · India
1038
+16
🇷🇪 Berbers · Réunion
1066
-15
🇩🇰 Georgians · Denmark
1061
-15
🇨🇭 Franks · Switzerland
1036
-14
🇦🇷 Mongols · Argentina
1021
-14
MrBubbles
1:46 Loom
R1C0L4
13:26 Feudal Age
raphael-974-
11:26 Feudal Age
12:42 Wheelbarrow
12:17 Double-Bit Axe
12:19 Horse Collar
Inferno-_-
11:13 Feudal Age
krikoO
12:09 Feudal Age
GuForD
10:47 Feudal Age
9:27 Loom
Maverick
5:32 Loom
Avalon
2:23 Loom
12:56 Feudal Age
Connection lost

Rejoining the realm…

Still unreachable

The connection could not be restored.

Session expired

The server has moved on; the page needs a fresh start.